 Dungeon Crawl Stone Soup version 0.30-a0-241-g1121274140 (webtiles) character file.

Game seed: 12469042815611330464

7282 KennySheep the Grappler (level 10, -9/83 HPs)
             Began as a Demigod Transmuter on Oct 11, 2022.
             Mangled by Fannar
             ... wielding a staff of cold
              (10 damage)
             ... on level 1 of the Lair of Beasts.
             The game lasted 00:32:38 (8574 turns).

KennySheep the Grappler (Demigod Transmuter)        Turns: 8574, Time: 00:32:39

Health: -9/83      AC:  2    Str: 23    XL:     10   Next: 59%
Magic:  9/15       EV: 24    Int: 15    God:
Gold:   383        SH:  5    Dex: 19    Spells: 2/12 levels left

rFire   . . .      SeeInvis .      - Unarmed
rCold   . . .      Faith    .    (shield currently unavailable)
rNeg    . . .      Spirit   .    (body armour currently unavailable)
rPois   x          Reflect  +    (helmet currently unavailable)
rElec   .          Harm     .    (cloak currently unavailable)
rCorr   .          Rampage  .    (gloves currently unavailable)
Will    +....                    (boots currently unavailable)
Stlth   ++........               r - amulet of reflection
HPRegen 0.33/turn                (no ring)
MPRegen 0.14/turn                (no ring)

@: spider-form, wereblooded, slowed, very slow
A: venomous fangs, tiny, high MP 1, forlorn, divine attributes
a: End Transformation


You were on level 1 of the Lair of Beasts.
You were a venomous arachnid creature.
You visited 2 branches of the dungeon, and saw 11 of its levels.

You collected 467 gold pieces.
You spent 84 gold pieces at shops.

Inventory:

Missiles
 k - a throwing net
Armour
 a - a +0 robe
 i - the +0 pair of boots of Dust Devil (melded) {Contam rElec rF++ Str+3}
   (You acquired it on level 8 of the Dungeon)

   Str:       It affects your strength (+3).
   rF:        It greatly protects you from fire.
   rElec:     It insulates you from electricity.
   Contam:    It causes magical contamination when unequipped.
 j - a +1 cloak (melded)
 p - a +0 pair of gloves (melded)
 C - +2 steam dragon scales (melded)
Magical Staves
 b - a staff of earth
 c - a staff of air
Jewellery
 g - a ring of ice
 h - an amulet of regeneration
 r - an amulet of reflection (around neck)
 w - a ring of ice
 G - a +4 ring of slaying
Wands
 s - a wand of mindburst (8)
 u - a wand of quicksilver (2)
 x - a wand of iceblast (16)
Scrolls
 d - a scroll of fear
 l - 3 scrolls of teleportation
 m - 2 scrolls of butterflies
 n - a scroll of blinking
 o - a scroll of vulnerability
 t - a scroll of enchant weapon
 y - 4 scrolls of identify
 A - a scroll of amnesia
 E - a scroll of magic mapping
Potions
 e - 3 potions of curing
 f - 2 potions of brilliance
 q - a potion of degeneration
 v - a potion of attraction {unknown}
 z - a potion of ambrosia
 B - 3 potions of magic {unknown}
 D - a potion of berserk rage {unknown}
 H - 2 potions of heal wounds {unknown}


   Skills:
 + Level 6.1 Fighting
 + Level 6.3 Dodging
 * Level 9.1 Unarmed Combat
 - Level 1.7 Spellcasting
 + Level 7.9 Transmutations
 * Level 1.1 Ice Magic
 - Level 4.4 Earth Magic
 - Level 2.0 Poison Magic


You had 2 spell levels left.
You knew the following spells:

 Your Spells              Type           Power      Damage    Failure   Level
a - Beastly Appendage     Tmut           50%        N/A       4%          1
b - Wereblood             Tmut           25%        N/A       6%          2
c - Petrify               Tmut/Erth      19%        N/A       38%         4
z - Spider Form           Tmut/Pois      16%        N/A       22%         3

Your spell library contained the following spells:

 Spells                   Type           Power      Damage    Failure   Level
 Sting                    Tmut/Pois      64%        1d6       11%         1
 Magic Dart               Conj           4%         1d3       43%         1
 Poisonous Vapours        Pois/Air       8%         N/A       43%         2
 Scorch                   Fire           2%         2d5       56%         2
 Searing Ray              Conj           2%         2d4       56%         2
 Ignite Poison            Fire/Tmut/Pois 11%        N/A       36%         3
 Ice Form                 Ice/Tmut       14%        N/A       56%         4
 Gell's Gravitas          Tloc           1%         N/A       77%         3
 Kindle Blastsparks       Fire/Tloc/Air  2%         2d10      77%         3
 Lesser Beckoning         Tloc           2%         N/A       77%         3
 Teleport Other           Tloc           1%         N/A       77%         3
 Vhi's Electric Charge    Tloc/Air       2%         N/A       77%         3
 Olgreb's Toxic Radiance  Pois           7%         N/A       85%         4
 Flame Wave               Conj/Fire      1%         2d4       98%         4
 Fulminant Prism          Conj/Hex       0%         3d6       98%         4
 Statue Form              Tmut/Erth      12%        N/A       99%         6
 Arcjolt                  Conj/Air       0%         1d10      100%        5
 Freezing Cloud           Conj/Ice/Air   1%         6-21      100%        5
 Metabolic Englaciation   Hex/Ice        1%         N/A       100%        5
 Summon Cactus Giant      Summ           0%         N/A       100%        6
 Maxwell's Capacitive Co  Air            0%         ∞         100%        8


Dungeon Overview and Level Annotations

Branches:
Dungeon (10/15)            Temple (0/1) D:6            Lair (1/5) D:9
    Orc: D:9-12

Shops:
D:3 :   D:8 *

Annotations:
D:5 Edmund
Lair:1 Fannar


Innate Abilities, Weirdness & Mutations

You are a venomous arachnid creature.
You have poisonous fangs.
You are tiny and dextrous.
Your spellcasting is less reliable in this form.
Your armour is entirely melded.
You are incapable of wielding weapons or throwing items.
You have an increased reservoir of magic. (+10% MP)
You shall have no god before yourself.
Your divine heritage dramatically boosts your attributes as you level up.


Message History

Your +2 steam dragon scales unmelds from your body.
You block the ice beast's attack. Fannar hits you with a staff of cold.
Fannar freezes you!
The ice beast hits you but does no damage.
Casting: Wereblood (safe; 1% risk of failure)
Confirm with . or Enter, or press ? or * to list all spells.
You turn into a venomous arachnid creature.
Your +1 cloak melds into your body.
Your +0 pair of gloves melds into your body.
The +0 pair of boots of Dust Devil {Contam rElec rF++ Str+3} melds into your body.
Your +2 steam dragon scales melds into your body.
You block the ice beast's attack. Fannar barely misses you.
The ice beast barely misses you. The ice beast misses you.
Fannar completely misses you.
You hit Fannar.
Fannar looks as sick as possible!
Fannar is heavily wounded.
The ice beast misses you. x2; Fannar misses you.
The ice beast closely misses you.
You closely miss Fannar.
Fannar is heavily wounded.
The ice beast hits you.
* * * LOW HITPOINT WARNING * * *
The ice beast freezes you!
* * * LOW HITPOINT WARNING * * *
Fannar casts a spell.
The ice beast hits you.
* * * LOW HITPOINT WARNING * * *
The ice beast freezes you.
* * * LOW HITPOINT WARNING * * *
Okay, then.
As you read the scroll of fear, it crumbles to dust.
You assume a fearsome visage.
Fannar easily resists.
The ice beast looks frightened! x3; Fannar misses you.
You block Fannar's attack.
You hit Fannar but do no damage.
Fannar looks as sick as possible!
Fannar is heavily wounded.
Fannar hits you with a staff of cold!
* * * LOW HITPOINT WARNING * * *
Fannar freezes you!
You die...

##*#### *#......,,,,,,,,
*.##..######.......,,,,,,,,
##.....##.....YeY..,,,,,,,,
#..................,,,,,,,,
#.....Y............,,,,,,,,
#..<..Y......#^,,,,,,,,,***
#........#.##.#,,,,,,,,,* *
#.....)...##**#*,,,,,*,,*
#........es# **,,,**,***
#..........# *,*,**,,,*
##.........# *******,**
##....Y...#* *,*
##....###.# *,* #.#### *##
*,** ##* *,,* *,** ***


You could see Fannar (extremely poisoned) and 3 ice beasts.

Vanquished Creatures
  Snorg (D:10)
  Erica (Lair:1)
  2 two-headed ogres
  A shadow (D:9)
  12 yaks
  2 steam dragons
  3 water moccasins (D:7)
  A sky beast (D:8)
  An orc warrior (D:9)
  A black bear (D:8)
  An ice beast (D:5)
  A centaur (D:9)
  A phantom (D:4)
  5 bullfrogs
  2 kobold brigands
  A gnoll sergeant (D:9)
  3 scorpions
  3 wights (D:6)
  6 killer bees
  3 howler monkeys
  A hound (D:6)
  A jelly (D:4)
  5 orc priests
  7 orc wizards
  Natasha (thrice) (D:3)
  Terence (D:2)
  4 iguanas
  7 gnolls
  4 adders
  A shadow imp (D:7)
  2 white imps
  2 ufetubi
  2 worms (D:2)
  2 dart slugs
  30 orcs
  6 bats
  7 endoplasms
  4 giant cockroaches
  2 goblins (D:1)
  8 hobgoblins
  3 jackals (D:1)
  2 quokkas (D:4)
  8 ball pythons
  3 frilled lizards
  14 kobolds
  3 rats
183 creatures vanquished.

Vanquished Creatures (others)
  A fungus (D:9)
  4 plants (D:9)
5 creatures vanquished.

Grand Total: 188 creatures vanquished

Notes
Turn   | Place    | Note
-------+----------+-------------------------------------------
     0 | D:1      | KennySheep the Demigod Transmuter began the quest for the
                  | Orb.
     0 | D:1      | Reached XP level 1. HP: 15/15 MP: 5/5
   104 | D:1      | Reached skill level 1 in Fighting
   158 | D:1      | Reached XP level 2. HP: 22/23 MP: 7/7
   296 | D:1      | Learned a level 2 spell: Wereblood
   522 | D:1      | Reached skill level 1 in Poison Magic
   667 | D:2      | Reached skill level 3 in Unarmed Combat
   758 | D:2      | Reached XP level 3. HP: 11/28 MP: 8/8
  1228 | D:2      | Noticed Terence
  1241 | D:2      | Killed Terence
  1394 | D:3      | Reached XP level 4. HP: 35/35 MP: 6/9
  1398 | D:3      | Learned a level 3 spell: Spider Form
  1667 | D:3      | Found Rote's Vocational Training.
  1743 | D:3      | Noticed Natasha
  1749 | D:3      | Killed Natasha
  1755 | D:3      | Identified the +3 ring mail of the Thoughtful Dances {-Cast
                  | Will+ Regen+ Stlth+}
  1842 | D:3      | Noticed Natasha
  1856 | D:3      | Killed Natasha
  2055 | D:3      | Noticed Natasha
  2060 | D:3      | Killed Natasha
  2061 | D:3      | Reached XP level 5. HP: 41/41 MP: 6/10
  2598 | D:4      | Reached skill level 4 in Unarmed Combat
  2598 | D:4      | Reached XP level 6. HP: 19/48 MP: 11/11
  3260 | D:5      | Entered Level 5 of the Dungeon
  3650 | D:5      | Noticed Edmund
  3672 | D:6      | Noticed a two-headed ogre
  3674 | D:6      | Reached XP level 7. HP: 28/56 MP: 8/12
  3962 | D:6      | Found a staircase to the Ecumenical Temple.
  4219 | D:6      | Killed a two-headed ogre
  4220 | D:6      | Reached skill level 5 in Unarmed Combat
  4220 | D:6      | Reached skill level 5 in Transmutations
  4220 | D:6      | Reached XP level 8. HP: 53/64 MP: 7/13
  4472 | D:6      | Learned a level 4 spell: Petrify
  4686 | D:6      | Reached skill level 6 in Unarmed Combat
  5372 | D:7      | Reached skill level 1 in Earth Magic
  5780 | D:8      | Identified a scroll of acquirement
  5780 | D:8      | Acquired the +0 pair of boots of Dust Devil {Contam rElec
                  | rF++ Str+3}
  5978 | D:8      | Reached XP level 9. HP: 21/72 MP: 11/14
  6137 | D:8      | Reached skill level 7 in Unarmed Combat
  6411 | D:8      | Reached skill level 5 in Dodging
  6694 | D:8      | Reached skill level 5 in Fighting
  6969 | D:8      | Found Vajun's Assorted Antiques.
  6975 | D:8      | Bought a fluorescent wand for 84 gold pieces
  7240 | D:9      | Found a staircase to the Lair.
  7336 | D:9      | Reached skill level 8 in Unarmed Combat
  7349 | D:9      | Noticed a two-headed ogre
  7383 | D:9      | Killed a two-headed ogre
  7384 | D:9      | Reached XP level 10. HP: 62/81 MP: 6/15
  8093 | D:10     | Entered Level 10 of the Dungeon
  8093 | D:10     | Noticed Snorg
  8117 | D:10     | Killed Snorg
  8118 | D:10     | Reached skill level 9 in Unarmed Combat
  8527 | Lair:1   | Entered Level 1 of the Lair of Beasts
  8531 | Lair:1   | Noticed Erica
  8545 | Lair:1   | Killed Erica
  8546 | Lair:1   | Reached skill level 1 in Ice Magic
  8555 | Lair:1   | Noticed Fannar
  8574 | Lair:1   | HP: 1/83 [Fannar/staff of cold (7)]
  8574 | Lair:1   | Mangled by Fannar

Illustrated notes

Levels and vault maps discovered:
D:1:      nicolae_arrival_somewhat_less_tricky_arrival, layout_rooms,
          grunt_decor_fettered
D:2:      layout_loops_cross, uniq_terence
D:3:      layout_loops_corners, dreamdust_ecumenical_altar_hidden_monk_grotto,
          nicolae_shop_vocational, uniq_natasha
D:4:      layout_rooms, nicolae_ru_great_annihilating_truth
D:5:      layout_basic, nicolae_wu_jian_immortal_techniques,
          nzn_hepliaklqana_mist_gate, nicolae_dithmenos_the_darkroom,
          kiku_gazebo_garden_becter, uniq_crazy_yiuf_cottage, uniq_edmund
D:6:      layout_cave_pods, gammafunk_temple_overflow_elements,
          cheibrodos_ashenzari_chains, overflow_temple_1_default,
          minmay_temple_entry_sparse_star
D:7:      layout_rooms, general_overflow_altar, mainiacjoe_overflow_24_doors
D:8:      layout_rooms, mainiacjoe_overflow_boulevard,
          okawaru_ov_weapons_minmay, enter_bailey_2, serial_shops, shop,
          grunt_ministairs_4
D:9:      layout_rooms, lemuel_coloured_pillars_altar, dpeg_oklobed_lair
D:10:     layout_irregular_city, mainiacjoe_overflow_six_doors_small,
          david_orc_1_choice, uniq_snorg, uniq_erolcha, uniq_urug
Lair:1:   layout_cave_pods, portal_ice_cave_entry_pillars_1, grunt_megastairs_3,
          infiniplex_staircase_pool_2, uniq_fannar, uniq_erica

Skill      XL: |  1  2  3  4  5  6  7  8  9 10 |
---------------+-------------------------------+-----
Fighting       | 1 2 3 4 5 6 |  6.1
Transmutations | 2 3 4 5 6 7 |  7.9
Poison Magic   | 1 2 |  2.0
Unarmed Combat | 3 4 5 6 8 9 |  9.1
Dodging        | 2 3 4 5 6 |  6.3
Earth Magic    | 1 3 4 |  4.4
Ice Magic      | 1 |  1.1
Spellcasting   | |  1.7

Action                   |  1- 3 |  4- 6 |  7- 9 | 10-12 || total
-------------------------+-------+-------+-------+-------++-------
Melee: Unarmed           |   139 |   175 |   318 |    92 ||   724
       Kick              |    20 |    17 |    16 |     2 ||    55
       Headbutt          |     9 |    11 |     7 |     2 ||    29
       Punch             |     2 |     2 |     3 |     2 ||     9
 Cast: Beastly Appendage |    12 |    12 |    12 |     1 ||    37
       Spider Form       |       |     7 |    22 |    10 ||    39
       Wereblood         |       |       |     2 |     2 ||     4
       Petrify           |       |       |       |     1 ||     1
Evoke: Wand              |       |       |     9 |       ||     9
  Use: Potion            |     1 |     1 |     5 |     1 ||     8
       Scroll            |       |     5 |     7 |     5 ||    17
 Stab: Sleeping          |       |     1 |       |       ||     1
       Paralysed         |       |     1 |       |       ||     1
       Petrified         |       |       |       |    10 ||    10
Armor: Robe              |    23 |    21 |    11 |       ||    55
       Skin              |     2 |     4 |     6 |       ||    12
       Steam dragon scal |       |       |    23 |     4 ||    27
Dodge: Dodged            |    85 |   104 |   213 |    64 ||   466
Block: Other             |       |    10 |    69 |    24 ||   103

Table legend: (Time is in decaauts)
 A = Elapsed time spent in this place.
 B = Non-inter-level travel time spent in this place.
 C = Inter-level travel time spent in this place.
 D = Time resting spent in this place.
 E = Time spent auto-exploring this place.
 F = Levels seen in this place.
 G = Mean time per level.
                   A        B        C        D        E       F      G
               +--------+--------+--------+--------+--------+-----+--------+
         Total |   8515 |   8084 |    431 |   1298 |   5187 |  11 |  774.1 |
       Dungeon |   8457 |   8026 |    431 |   1298 |   5187 |  10 |  845.7 |
          Lair |     57 |     57 |      0 |      0 |      0 |   1 |   57.0 |
               +--------+--------+--------+--------+--------+-----+--------+

Top non-repeatable levels by time:
     D:8: 1350 daAuts
     D:6: 1202 daAuts
     D:9: 1173 daAuts
     D:3: 1097 daAuts
     D:7: 911 daAuts
     D:4: 777 daAuts
     D:2: 743 daAuts
     D:1: 624 daAuts
     D:5: 390 daAuts
    D:10: 187 daAuts
  Lair:1: 57 daAuts
